 Dungeon Crawl Stone Soup version 0.29.1-2-gbd0b4ee654 (webtiles) character file.

Game seed: 2485722139803680588

51 GorkyZ the Twirler (level 4, -1/34 HPs)
             Began as a Formicid Gladiator on Nov 21, 2022.
             Slain by a jackal (3 damage)
             ... on level 2 of the Dungeon.
             The game lasted 00:03:26 (1639 turns).

GorkyZ the Twirler (Formicid Gladiator)             Turns: 1639, Time: 00:03:26

Health: -1/34      AC:  3    Str: 21    XL:     4   Next: 5%
Magic:  4/4        EV: 12    Int:  7    God:
Gold:   40         SH:  0    Dex: 15    Spells: 3/3 levels left

rFire   . . .      SeeInvis +   a - +0 quarterstaff
rCold   . . .      Faith    .   (no shield)
rNeg    . . .      Spirit   .   b - +0 leather armour
rPois   .          Reflect  .   (helmet unavailable)
rElec   .          Harm     .   (no cloak)
rCorr   .          Rampage  .   (no gloves)
Will    .....                   (no boots)
Stlth   +.........              (no amulet)
HPRegen 0.11/turn               (no ring)
MPRegen 0.09/turn               (no ring)

@: no status effects
A: permanent stasis, dig shafts and tunnels, antennae 3, four strong arms
a: Dig, Shaft Self


You were on level 2 of the Dungeon.
You visited 1 branch of the dungeon, and saw 2 of its levels.

You collected 40 gold pieces.

Inventory:

Hand Weapons
 a - a +0 quarterstaff (weapon)
Missiles
 c - 2 throwing nets (quivered)
 d - a javelin
Armour
 b - a +0 leather armour (worn)
Scrolls
 e - 2 scrolls of teleportation {unknown}
 g - a scroll of identify {unknown}
 i - a scroll of amnesia {unknown}
 j - a scroll of butterflies {unknown}
Potions
 f - 2 potions of curing {unknown}
 h - a potion of might {unknown}


   Skills:
 + Level 2.9 Fighting
 - Level 3.0 Staves
 - Level 2.2 Throwing
 + Level 1.6 Armour
 - Level 2.6 Dodging
 + Level 2.0 Shields
 - Level 0.9 Evocations


You had 3 spell levels left.
You didn't know any spells.
Your spell library was empty.

Dungeon Overview and Level Annotations

Branches:
Dungeon (2/15)

Altars:


Innate Abilities, Weirdness & Mutations

You cannot be hasted, slowed, berserked, paralysed or teleported.
You can dig through walls and to a lower floor.
You have a pair of large antennae on your head. (SInv)
Your four strong arms can wield two-handed weapons with a shield.


Message History

Press: ? - help, Q - select action, (/) - cycle Shift-Dir - straight line, f - hobgoblin
Aim: a hobgoblin (60% to hit)
You throw a throwing net. The throwing net hits the hobgoblin.
The hobgoblin is caught in the net!
You hit the hobgoblin.
The hobgoblin is almost dead.
The hobgoblin struggles against the net. x2
You hit the hobgoblin but do no damage.
The hobgoblin is almost dead.
The hobgoblin struggles against the net.
You hit the hobgoblin.
You kill the hobgoblin!
You hit the frilled lizard.
The frilled lizard is heavily wounded.
The giant cockroach waves its antennae.
The frilled lizard bites you.
* * * LOW HITPOINT WARNING * * *
You completely miss the frilled lizard.
The frilled lizard is heavily wounded.
The frilled lizard bites you.
* * * LOW HITPOINT WARNING * * *
You barely miss the frilled lizard.
The frilled lizard is heavily wounded.
The frilled lizard bites you but does no damage.
The frilled lizard closely misses you.
You closely miss the frilled lizard. The frilled lizard bites you.
* * * LOW HITPOINT WARNING * * *
You thump the frilled lizard!
You kill the frilled lizard!
You hit the rat but do no damage. The rat closely misses you.
You completely miss the rat. The rat bites you but does no damage.
You hit the rat.
The rat is heavily wounded.
The rat barely misses you.
You hit the rat.
You kill the rat!
You sock the jackal!
You kill the jackal!
The jackal bites you.
You die...

############
†.........<#####
.^.............#
##########.....#
.>...# #.###.#
#.##.#####.##########
#.##.........JBh@...#
#.########....#####.#
#+# ####'#
......†h(B#
#.#.......#
..........#
#.#.......#
..........#
#.#.......#


You could see an endoplasm, a jackal and a giant cockroach.

Vanquished Creatures
  An adder (D:2)
  4 endoplasms (D:1)
  7 hobgoblins
  4 jackals
  3 kobolds (D:1)
  A quokka (D:1)
  2 ball pythons (D:1)
  A bat (D:1)
  3 frilled lizards
  9 goblins
  3 rats
38 creatures vanquished.

Notes
Turn   | Place    | Note
-------+----------+-------------------------------------------
     0 | D:1      | GorkyZ the Formicid Gladiator began the quest for the Orb.
     0 | D:1      | Reached XP level 1. HP: 16/16 MP: 1/1
    23 | D:1      | Reached XP level 2. HP: 10/23 MP: 2/2
   350 | D:1      | Found a faded altar of an unknown god.
   454 | D:1      | Reached skill level 1 in Shields
   883 | D:1      | Reached skill level 1 in Armour
   883 | D:1      | Reached XP level 3. HP: 24/28 MP: 3/3
  1626 | D:2      | Reached XP level 4. HP: 5/34 MP: 4/4
  1633 | D:2      | HP: 1/34 [frilled lizard (2)]
  1639 | D:2      | Slain by a jackal

Illustrated notes

Levels and vault maps discovered:
D:1:      psy_arrival_whirlpool, layout_basic, basic_ecumenical_altar
D:2:      layout_basic, st_stairs_12, minmay_hedge_maze,
          minmay_tree_intersection, dk_vineyard_3

Skill      XL: |  1  2  3 |
---------------+----------+-----
Shields        | 1 2 |  2.0
Armour         | 1 |  1.6
Fighting       | |  2.9
Staves         | |  3.0
Throwing       | |  2.2
Dodging        | |  2.6
Evocations     | |  0.9

Action                   |  1- 3 |  4- 6 || total
-------------------------+-------+-------++-------
Melee: Quarterstaff      |    91 |    13 ||   104
       Punch             |     2 |       ||     2
Throw: Throwing net      |       |     1 ||     1
 Stab: Sleeping          |     2 |       ||     2
Armor: Leather armour    |    15 |     2 ||    17
Dodge: Dodged            |    60 |     3 ||    63
